 Dungeon Crawl Stone Soup version 0.29-a0-284-gf9362112df (webtiles) character file.

Game seed: 2578415454223293833

32 cojito the Shooter (level 3, -1/28 HPs)
             Began as a Palentonga Hunter on Mar 30, 2022.
             Slain by an iguana (13 damage)
             ... on level 2 of the Dungeon.
             The game lasted 00:01:06 (849 turns).

cojito the Shooter (Palentonga Hunter)               Turns: 849, Time: 00:01:06

Health: -1/28      AC:  4    Str: 16    XL:     3   Next: 8%
Magic:  12/12      EV:  9    Int:  9    God:
Gold:   124        SH:  0    Dex: 13    Spells: 2/2 levels left

rFire   . . .      SeeInvis +   a - +1 shortbow
rCold   . . .      Faith    .   (shield currently unavailable)
rNeg    . . .      Spirit   .   e - +0 leather armour
rPois   .          Reflect  .   (no helmet)
rElec   .          Harm     .   (no cloak)
rCorr   .          Rampage  .   (no gloves)
Will    .....                   (no barding)
Stlth   +.........              (no amulet)
HPRegen 0.09/turn               d - ring of magical power
MPRegen 0.13/turn               (no ring)

@: no status effects
A: large, rugged brown scales 3, see invisible, deformed body, roll 1, armoured
tail
a: Rolling Charge


You were on level 2 of the Dungeon.
You visited 1 branch of the dungeon, and saw 2 of its levels.

You collected 124 gold pieces.

Inventory:

Hand Weapons
 a - a +1 shortbow (weapon)
 b - a +0 long sword
Armour
 e - a +0 leather armour (worn)
Jewellery
 d - a ring of magical power (left hand)
Scrolls
 c - a scroll of immolation
 g - a scroll of enchant weapon {unknown}
 h - a scroll of identify {unknown}
 i - a scroll of fog {unknown}
Potions
 f - a potion of attraction {unknown}


   Skills:
 * Level 2.1 Fighting
 * Level 4.1 Bows
 - Level 1.5 Dodging
 - Level 0.5 Stealth


You had 2 spell levels left.
You didn't know any spells.
Your spell library contained the following spells:

 Spells                   Type           Power      Damage    Failure   Level
 Animate Skeleton         Necr           0%         N/A       45%         1
 Pain                     Necr           0%         1d4       45%         1
 Vampiric Draining        Necr           0%         2d6       83%         3


Dungeon Overview and Level Annotations

Branches:
Dungeon (2/15)

Altars:


Innate Abilities, Weirdness & Mutations

You are completely covered in rugged brown scales. (AC +3, +7% HP)
You have supernaturally acute eyesight. (SInv)
Armour fits poorly on your strangely shaped body.
You can roll at nearby foes to attack.
You have a long armoured tail.


Message History

Found 20 stones.
An iguana comes into view.
An iguana is nearby!
You shoot an arrow.
The arrow hits the iguana but does no damage.
The iguana hisses angrily.
You shoot an arrow. The arrow hits the iguana.
The iguana is lightly wounded.
You shoot an arrow. The arrow hits the iguana.
The iguana is moderately wounded.
You shoot an arrow. The arrow hits the iguana.
The iguana is heavily wounded.
You shoot an arrow. The arrow hits the iguana.
The iguana is severely wounded.
The iguana barely misses you.
You shoot an arrow. The arrow barely misses the iguana.
The iguana bites you!
You shoot an arrow.
The arrow hits the iguana but does no damage.
The iguana is severely wounded.
The iguana closely misses you. The iguana bites you!
You are too injured to fight recklessly!
There's nothing you can charge at!
Unknown command.
There's nothing you can charge at!
Unknown command.
Shoot: a) +1 shortbow
Press: ? - help, Q - select action, (/) - cycle Shift-Dir - straight line, f/p - iguana
Aim: an iguana (severely wounded, 65% to hit)
You shoot an arrow.
The arrow hits the iguana but does no damage.
The iguana is severely wounded.
The iguana bites you but does no damage.
Shoot: a) +1 shortbow
Press: ? - help, Q - select action, (/) - cycle Shift-Dir - straight line, f/p - iguana
Aim: an iguana (severely wounded, 65% to hit)
You shoot an arrow.
The arrow hits the iguana but does no damage.
The iguana is severely wounded.
The iguana bites you!
You die...

#..............#
#.####.........# #.#
#.........# #.#
#.........# #.#
###...##### #.#
#...# #.# #...#
#.######...#########
#...........@l......
#...(......#####....
#.[.......## .
##........#
#........#
#........#
##########


You could see an iguana.

Vanquished Creatures
  A dart slug (D:1)
  6 ball pythons (D:1)
  5 bats (D:1)
  2 giant cockroaches (D:1)
  A hobgoblin (D:1)
  6 quokkas
  A frilled lizard (D:1)
  3 goblins (D:1)
  A rat (D:1)
26 creatures vanquished.

Notes
Turn   | Place    | Note
-------+----------+-------------------------------------------
     0 | D:1      | cojito the Palentonga Hunter began the quest for the Orb.
     0 | D:1      | Reached XP level 1. HP: 17/17 MP: 1/1
    52 | D:1      | Found a faded altar of an unknown god.
    73 | D:1      | Reached XP level 2. HP: 23/23 MP: 1/2
   438 | D:1      | Reached skill level 4 in Bows
   743 | D:1      | Reached XP level 3. HP: 28/28 MP: 3/3
   849 | D:2      | Slain by an iguana

Illustrated notes

Levels and vault maps discovered:
D:1:      amcnicky_arrival_blooded_trapdoor, layout_basic,
          hellmonk_ecumenical_altar_lost_god
D:2:      layout_basic, basic_altar, uniq_jessica

Skill      XL: |  1  2 |
---------------+-------+-----
Bows           | 4 |  4.1
Fighting       | |  2.1
Dodging        | |  1.5
Stealth        | |  0.5

Action                   || total
-------------------------++-------
 Fire: Shortbow          ||    65
Armor: Leather armour    ||    13
Dodge: Dodged            ||    13

Table legend: (Time is in decaauts)
 A = Elapsed time spent in this place.
 B = Non-inter-level travel time spent in this place.
 C = Inter-level travel time spent in this place.
 D = Time resting spent in this place.
 E = Time spent auto-exploring this place.
 F = Levels seen in this place.
 G = Mean time per level.
                   A        B        C        D        E       F      G
               +--------+--------+--------+--------+--------+-----+--------+
         Total |    870 |    846 |     24 |      0 |    719 |   2 |  435.0 |
       Dungeon |    870 |    846 |     24 |      0 |    719 |   2 |  435.0 |
               +--------+--------+--------+--------+--------+-----+--------+

Top non-repeatable levels by time:
     D:1: 810 daAuts
     D:2: 60 daAuts
